[Event "Cappelle op 32nd"]
[Site "Cappelle la Grande"]
[Date "2016.02.14"]
[Round "2"]
[White "Moussard, Jules"]
[Black "Kamsky, Gata"]
[Result "1/2-1/2"]
[ECO "A07"]
[WhiteElo "2487"]
[BlackElo "2667"]
[Annotator "Primel,D"]
[PlyCount "129"]
[EventDate "2016.02.13"]
[EventType "swiss"]
[EventRounds "9"]
[EventCountry "FRA"]
[SourceTitle "EXT 2017"]
[Source "ChessBase"]
[SourceDate "2016.10.25"]
[SourceVersion "1"]
[SourceVersionDate "2016.10.25"]
[SourceQuality "1"]
[TimeControl "40/5400+30:1800+30"]
[WhiteClock "1:30:00"]
[BlackClock "1:30:00"]

1. Nf3 {Les deux adversaires se sont à nouveau rencontré la semaine suivante
à Cannes et la partie s'est également terminée par la nulle} d5 2. g3 Nf6 3.
Bg2 c6 4. O-O Bf5 5. d3 h6 6. c4 dxc4 7. dxc4 Qxd1 8. Rxd1 e6 (8... Nbd7 9. b4
e6 10. b5 Rc8 11. bxc6 bxc6 12. Nc3 Bb4 13. Bd2 O-O 14. Nd4 Ne5 15. Nxf5 exf5
16. Nd5 Nxd5 17. cxd5 Bxd2 18. Rxd2 cxd5 19. Bxd5 Rc7 20. Rad1 g6 21. Bb3 Re8
22. Rd8 Rxd8 23. Rxd8+ Kg7 24. h3 Nd7 25. Kg2 Nc5 26. Bd5 Na4 27. Bb3 Nc3 28.
Kf3 a5 29. Ra8 a4 30. Bxa4 Nxa2 31. Rd8 Nc3 32. Rd7 Rxd7 {1/2-1/2 (32)
Stefanova,A (2515)-Kamsky,G (2665) Gibraltar 2016}) 9. Nc3 Bc2 10. Rd2 $146 (
10. Re1 Bb4 11. Bd2 Nbd7 12. Rac1 Bh7 13. a3 Be7 14. b4 Nb6 15. Ne5 Rd8 16.
Red1 Nfd7 17. Nxd7 Rxd7 18. c5 Nc4 19. Bf4 g5 20. Rxd7 Kxd7 21. Rd1+ Kc8 22.
Bc1 Rd8 23. Rxd8+ Kxd8 24. e4 Bf6 25. Nd1 Bd4 26. Kf1 f5 27. exf5 Bxf5 28. Bf3
Bc2 29. Be2 Ke7 30. Ke1 Bb3 31. f4 gxf4 32. gxf4 Kf6 33. Nf2 a5 34. Ne4+ Ke7
35. Bxc4 Bxc4 36. Nd6 Ba6 37. f5 axb4 38. axb4 b6 39. fxe6 Bc3+ {Koziak,V 
(2509)-Vuilleumier,A (2335) Lille 2014 1/2-1/2}) 10... Bh7 11. Rd1 Nbd7 12. Bf4
g5 13. Bc7 Rc8 14. Bd6 a5 15. h3 Bxd6 16. Rxd6 Ke7 17. Rad1 Rhd8 18. b3 Ne8 19.
R6d2 Nc5 20. Ne5 Rxd2 21. Rxd2 Rc7 22. Rd1 Nd6 23. Nd3 Bxd3 24. exd3 e5 25. d4
exd4 26. Rxd4 Nf5 27. Rd2 Rd7 28. Re2+ Kf6 29. Re8 Rd3 (29... Rd2 $15) 30. Ne4+
Nxe4 31. Bxe4 Rd1+ 32. Kg2 Nd6 33. Bf3 Rg1+ 34. Kxg1 Nxe8 35. Kf1 Ng7 36. Ke2
Ke5 37. Ke3 f5 38. a3 Ne6 39. b4 axb4 40. axb4 f4+ 41. gxf4+ Nxf4 42. h4 gxh4
43. b5 cxb5 44. cxb5 Nd5+ 45. Ke2 b6 46. Kf1 Nf4 47. Kg1 Kd4 48. Kh2 Kd3 49.
Bc6 Ke2 50. f3 Ke3 51. Ba8 Kd4 52. Bc6 Ke5 53. Ba8 Kf6 54. Bb7 Kg5 55. Bc6 Ne2
56. Kh3 Nd4 57. f4+ Kxf4 58. Kxh4 Ke5 59. Be8 Kf6 60. Kh5 Kg7 61. Kg4 Kf8 62.
Bd7 Ke7 63. Bc8 Nxb5 64. Kh5 Nd6 65. Ba6 1/2-1/2

[Event "Cappelle op 32nd"]
[Site "Cappelle la Grande"]
[Date "2016.02.15"]
[Round "3"]
[White "Kamsky, Gata"]
[Black "Castellanos Rodriguez, Renier"]
[Result "1-0"]
[ECO "D02"]
[WhiteElo "2667"]
[BlackElo "2478"]
[Annotator "Primel,D"]
[PlyCount "73"]
[EventDate "2016.02.13"]
[EventType "swiss"]
[EventRounds "9"]
[EventCountry "FRA"]
[SourceTitle "EXT 2017"]
[Source "ChessBase"]
[SourceDate "2016.10.25"]
[SourceVersion "1"]
[SourceVersionDate "2016.10.25"]
[SourceQuality "1"]
[TimeControl "40/5400+30:1800+30"]
[WhiteClock "1:30:00"]
[BlackClock "1:30:00"]

1. d4 Nf6 2. Bf4 e6 3. e3 b6 4. Nf3 Bb7 5. Nbd2 Be7 6. h3 c5 7. c3 Nc6 8. Bd3
O-O 9. O-O d5 10. Qe2 h6 (10... Bd6 11. Rfe1 Ne7 12. Rad1 Ng6 13. Bxg6 hxg6 14.
Bxd6 Qxd6 15. Ne5 g5 16. f4 gxf4 17. Rf1 Nd7 18. Qh5 Nf6 19. Qh4 Qd8 20. Rxf4
Ne4 21. Nxe4 Qxh4 22. Rxh4 dxe4 23. dxc5 bxc5 24. Rd7 Rab8 25. b3 a5 26. Rc7 a4
27. bxa4 Ba8 28. a5 Rb7 29. Rxc5 Ra7 30. Nc4 {1-0 (30) Carlsen,M (2844)
-Tomashevsky,E (2728) Wijk aan Zee 2016}) 11. Rad1 Bd6 12. Bxd6 Qxd6 13. e4 Qc7
$146 (13... dxe4 14. Nxe4 Nxe4 15. Qxe4 g6 16. Qe3 Kg7 17. Be4 Rad8 18. Rd2
cxd4 19. Nxd4 Qc7 20. Rfd1 Nxd4 21. Rxd4 Bc8 22. Qd2 Rxd4 23. Qxd4+ e5 24. Qd6
Qxd6 25. Rxd6 Be6 26. Bd5 Bc8 27. c4 Re8 28. Kf1 Re7 29. Ke2 Rc7 30. g4 f5 31.
gxf5 Bxf5 32. h4 h5 33. b4 Kf8 34. Rd8+ Ke7 35. Ra8 Be6 36. Kd3 Bxd5 37. cxd5
Kf6 38. a3 b5 39. Rb8 Rc4 40. Rxb5 Rxh4 41. Ra5 Rd4+ 42. Ke3 h4 43. Kf3 {
Sergeev,V (2439)-Leniart,A (2479) Katowice 2014 0-1}) 14. e5 Nd7 15. Qe3 a5 16. Bb1 $1 Ba6 17. Rfe1 Rfc8 18. a3 Ne7 19. Nh2 Qd8 20. g4 (20. Ng4 Nf8 21. Nxh6+ gxh6 22. Qxh6 $44 ) 20... Ra7 21. f4 Rac7 22. Ndf3 cxd4 23. cxd4 Bb5 24. Qf2 Ba4 25. Rd2 Rc1 26.
Kg2 Qc7 27. Bd3 Rxe1 28. Nxe1 Qc1 29. Nhf3 Bd1 30. f5 $13 Nc6 31. Kg3 Nd8 32.
g5 Bxf3 33. Nxf3 hxg5 34. Nxg5 Nf8 $6 (34... exf5) 35. f6 g6 36. Nf3 a4 37. Qe3
1-0

[Event "Cappelle op 32nd"]
[Site "Cappelle la Grande"]
[Date "2016.02.15"]
[Round "4"]
[White "Nevednichy, Vladislav"]
[Black "Kamsky, Gata"]
[Result "1/2-1/2"]
[ECO "B43"]
[WhiteElo "2547"]
[BlackElo "2667"]
[Annotator "Primel,D"]
[PlyCount "86"]
[EventDate "2016.02.13"]
[EventType "swiss"]
[EventRounds "9"]
[EventCountry "FRA"]
[SourceTitle "EXT 2017"]
[Source "ChessBase"]
[SourceDate "2016.10.25"]
[SourceVersion "1"]
[SourceVersionDate "2016.10.25"]
[SourceQuality "1"]
[TimeControl "40/5400+30:1800+30"]
[WhiteClock "1:30:00"]
[BlackClock "1:30:00"]

1. e4 c5 2. Nf3 e6 3. d4 cxd4 4. Nxd4 a6 5. Nc3 b5 6. Bd3 Bb7 7. O-O Nc6 8.
Nxc6 Bxc6 9. Re1 (9. a4 b4 10. Nb1 Bc5 11. Qe2 Ne7 12. Be3 Qb6 13. Bxc5 Qxc5
14. Nd2 Ng6 15. g3 h5 16. Nc4 h4 17. Qe3 Qh5 18. Be2 Qh7 19. g4 e5 20. Qc5 f6
21. Nd6+ Kd8 22. Nf7+ Kc7 23. Qa5+ Kb7 24. Nd6+ Ka7 25. Qc7+ {1-0 (25)
Fedorchuk,S (2673)-Balogh,C (2660) Bastia 2014}) 9... Qb8 10. a4 b4 11. Nd5 Bd6
12. h3 Ne7 13. Nxe7 Bxe7 14. Qh5 g6 $146 (14... d6 15. Bd2 O-O 16. c3 b3 17. a5
g6 18. Qd1 d5 19. exd5 Bxd5 20. c4 Bc6 21. Bc3 Rd8 22. Qd2 Bc5 23. Be5 Qa7 24.
Rad1 Rxd3 25. Qxd3 Bxf2+ 26. Kh2 Bxe1 27. Qd8+ {1-0 (27) Zhou,Y (2430)
-Savitskiy,S (2368) Prague 2012}) 15. Qe2 h5 16. Bd2 Qb7 17. c3 h4 18. c4 Bc5
19. b3 Rh5 20. Rad1 d6 21. Be3 Qb6 22. Qd2 O-O-O 23. Bc2 a5 24. Re2 Bxe3 25.
Rxe3 Qc5 26. Rde1 Rd7 27. Kh1 Kc7 28. Bd1 Rh8 29. Bf3 Rhd8 30. Rd3 Bb7 31. Kg1
Qe5 32. Qe3 g5 33. Red1 Kc8 34. Kf1 Kc7 35. Kg1 Kc8 36. Kf1 Rc7 37. Kg1 Rc5 38.
Rd4 Kc7 39. Qd2 Rd7 40. Qd3 Bc6 41. Qd2 Bb7 42. Qd3 Bc6 43. Qd2 Qf6 (43... Qf4
{Probablement le coup joué au lieu de Qf6}) 1/2-1/2

[Event "Cappelle op 32nd"]
[Site "Cappelle la Grande"]
[Date "2016.02.16"]
[Round "5"]
[White "Kamsky, Gata"]
[Black "Gopal, Geetha Narayanan"]
[Result "1-0"]
[ECO "A48"]
[WhiteElo "2667"]
[BlackElo "2525"]
[Annotator "Primel,D"]
[PlyCount "103"]
[EventDate "2016.02.13"]
[EventType "swiss"]
[EventRounds "9"]
[EventCountry "FRA"]
[SourceTitle "EXT 2017"]
[Source "ChessBase"]
[SourceDate "2016.10.25"]
[SourceVersion "1"]
[SourceVersionDate "2016.10.25"]
[SourceQuality "1"]
[TimeControl "40/5400+30:1800+30"]
[WhiteClock "1:30:00"]
[BlackClock "1:30:00"]

1. d4 Nf6 2. Bf4 g6 3. Nf3 Bg7 4. c3 d6 5. h3 O-O 6. e3 b6 7. Be2 Bb7 8. a4 a6
9. O-O c5 10. Nbd2 Nbd7 11. Bh2 Ne4 12. Nxe4 Bxe4 13. Qb3 Nf6 14. Rfd1 h6 $146
(14... Qc7 15. Ng5 Bd5 16. c4 Bc6 17. d5 Bd7 18. Ra3 Rab8 19. Rda1 h6 20. Nf3
e6 21. dxe6 Bxe6 22. Rd1 Rfd8 23. Qc2 Qc6 24. Nd2 Bf5 25. Bd3 Bxd3 26. Rxd3 b5
27. axb5 axb5 28. b3 Rb6 29. Be5 Rd7 30. Bxf6 Bxf6 31. Rd5 Rdb7 32. Qd3 bxc4
33. bxc4 Be7 34. Ne4 Rb3 35. Qe2 Rb1 36. Kh2 Rxd1 37. Qxd1 Rb6 38. Qc2 Qc8 39.
Nc3 Qe6 40. Qa2 Rb4 41. Nb5 Bf6 42. Nc7 Qe4 43. Qa8+ Kh7 44. Qf8 {Kamsky,G 
(2673)-Svidler,P (2734) Sochi 2015 1-0}) 15. Qa3 Qc7 16. Nd2 Bc6 17. a5 Qb7 18.
axb6 cxd4 19. exd4 Bxg2 20. Bxa6 Qc6 21. Qa4 Rab8 22. Qxc6 Bxc6 23. Nc4 Nd7 24.
d5 Ba8 25. Nxd6 exd6 26. Bxd6 Nxb6 27. c4 Bxb2 28. Rab1 Na4 29. Bxb8 Rxb8 30.
Rd2 Kf8 31. Re2 h5 32. Bb5 Nc3 $6 (32... Bf6) 33. Rexb2 Nxb1 34. Rxb1 Ke7 35.
Kg2 Kd6 36. Kf3 Kc5 37. Kf4 f6 38. Rd1 Rb6 39. h4 Bb7 40. Be8 Rb4 41. Rc1 Bxd5
42. Bxg6 Kb6 43. Rb1 Rxb1 44. Bxb1 Bg8 45. Bg6 Kc5 46. Kf5 Bxc4 47. Bxh5 Kd4
48. Kxf6 Ke4 49. Bg6+ Kf3 50. h5 Kxf2 51. h6 Bg8 52. Kg7 1-0

[Event "Cappelle op 32nd"]
[Site "Cappelle la Grande"]
[Date "2016.02.17"]
[Round "6"]
[White "Djukic, Nikola"]
[Black "Kamsky, Gata"]
[Result "0-1"]
[ECO "C45"]
[WhiteElo "2565"]
[BlackElo "2667"]
[Annotator "Primel,D"]
[PlyCount "108"]
[EventDate "2016.02.13"]
[EventType "swiss"]
[EventRounds "9"]
[EventCountry "FRA"]
[SourceTitle "EXT 2017"]
[Source "ChessBase"]
[SourceDate "2016.10.25"]
[SourceVersion "1"]
[SourceVersionDate "2016.10.25"]
[SourceQuality "1"]
[TimeControl "40/5400+30:1800+30"]
[WhiteClock "1:30:00"]
[BlackClock "1:30:00"]

1. e4 e5 2. Nf3 Nc6 3. d4 exd4 4. Nxd4 Bc5 5. Be3 Qf6 6. c3 Nge7 7. Bc4 O-O 8.
O-O Bb6 9. Na3 Qg6 10. Nf5 (10. Qd2 Qxe4 11. Rfe1 Qg6 12. Bd3 Qh5 13. Nxc6 Nxc6
14. Bxb6 cxb6 15. Nb5 d5 16. Nc7 Rb8 17. Nxd5 Be6 18. Be4 Rbd8 19. Rad1 b5 20.
h3 Qh4 21. a3 Kh8 22. Qe3 a6 23. Nf4 Bb3 24. Rxd8 Qxd8 25. Bxc6 bxc6 26. Qc5
Re8 27. Rxe8+ Qxe8 28. Nd3 a5 29. Qe5 Qd8 30. Nc5 h6 31. Kh2 a4 32. Ne4 f6 33.
Qf4 Bd5 34. Nd6 Qc7 35. f3 Kg8 36. Kg3 Qe7 37. Nf5 Qd7 38. h4 Be6 39. Nd4 Bd5 {
Ivanchuk,V (2776)-Bruzon Batista,L (2693) Havana 2011 0-1}) 10... d6 $146 (
10... Nxf5 11. exf5 Qxf5 12. Bxb6 axb6 13. Nb5 Qf4 14. Bd5 Ne7 15. Re1 Nxd5 16.
Qxd5 c6 17. Qd6 Ra4 18. Qxf4 Rxf4 19. Nd6 b5 20. Rad1 b6 21. g3 Rf6 22. f4 g6
23. Kf2 Re6 24. g4 f5 25. gxf5 gxf5 26. Re5 Ba6 27. Rxe6 dxe6 28. Rg1+ Kh8 29.
Ke3 Bc8 30. Kd4 h6 31. Ke5 Kh7 32. Nxc8 Rxc8 33. Kxe6 Re8+ 34. Kxf5 Re2 35. b3
Rxa2 36. Rg6 b4 37. cxb4 Rc2 38. b5 Rc5+ 39. Kf6 cxb5 40. Rg7+ {Mrazik,L (2508)
-Shulga,Y (2521) ICCF email 2005 1-0}) 11. Bxb6 cxb6 12. Ng3 Bd7 13. f4 Rad8
14. Nc2 Qh6 15. Ne3 Be6 16. Bb3 Na5 17. Bd5 (17. Bc2 ) 17... b5
18. Qd3 a6 19. Rf3 Nac6 20. Ngf5 Nxf5 21. exf5 Bc8 22. g4 Rde8 23. Raf1 Qh4 24.
Rg3 Qd8 25. g5 Kh8 26. Rh3 Qb6 27. Kh1 Ne7 28. Rhf3 (
28. f6 Ng6 29. f5 Ne5 30. fxg7+ Kxg7 31. f6+ ) 28... Bd7 29. f6
gxf6 30. gxf6 Ng8 31. c4 b4 32. Nf5 Nxf6 33. Rh3 $2 (33. Nh6) 33... Rg8 34. Rh6
Rg6 35. Bxf7 Bxf5 36. Qxf5 Qf2 37. Qxf6+ Rxf6 38. Rxf2 Re1+ 39. Kg2 Rxh6 40. f5
Kg7 41. Be6 Kf6 42. Rd2 Ke7 43. Bc8 Re5 44. Kg3 a5 45. Kg4 b6 46. b3 Re4+ 47.
Kg5 Reh4 48. Re2+ Kf7 49. Be6+ Kg7 50. f6+ Kf8 51. Bg4 Rxh2 52. Re3 Rg6+ 53.
Kf5 Rf2+ 54. Bf3 Rg3 0-1

[Event "Cappelle op 32nd"]
[Site "Cappelle la Grande"]
[Date "2016.02.20"]
[Round "9"]
[White "Vovk, Andrey"]
[Black "Kamsky, Gata"]
[Result "1/2-1/2"]
[ECO "B12"]
[WhiteElo "2632"]
[BlackElo "2667"]
[Annotator "Primel,D"]
[PlyCount "40"]
[EventDate "2016.02.13"]
[EventType "swiss"]
[EventRounds "9"]
[EventCountry "FRA"]
[SourceTitle "EXT 2017"]
[Source "ChessBase"]
[SourceDate "2016.10.25"]
[SourceVersion "1"]
[SourceVersionDate "2016.10.25"]
[SourceQuality "1"]
[TimeControl "40/5400+30:1800+30"]
[WhiteClock "0:15:33"]
[BlackClock "0:52:39"]

1. e4 c6 2. d4 d5 3. e5 Bf5 4. Nf3 e6 5. Be2 Ne7 6. O-O Nd7 7. a4 (7. Nbd2 h6
8. Nb3 g5 9. Ne1 Qc7 10. Nd3 b6 11. Be3 Bg7 12. f4 c5 13. dxc5 gxf4 14. cxb6
axb6 15. Bxf4 Ng6 16. Bg3 O-O 17. Nd4 Be4 18. c3 Ndxe5 19. Nf2 Qd8 20. Bh5 Qg5
21. Nxe4 dxe4 22. Qe2 e3 23. Bxg6 Nxg6 24. Nf3 Qc5 25. Rfe1 f5 26. Qxe3 Qxe3+
27. Rxe3 f4 28. Rxe6 Kf7 29. Rxb6 fxg3 30. hxg3 Rfb8 31. Rxb8 Rxb8 32. Rf1 Ke6
{1/2-1/2 (32) Dominguez Perez,L (2729)-Ding,L (2755) Tsaghkadzor 2015}) 7... a6
8. a5 c5 9. Bg5 $146 (9. c4 cxd4 10. Nxd4 Bxb1 11. Rxb1 Nxe5 12. Qb3 N7c6 13.
Nxc6 bxc6 14. Bf4 Bd6 15. c5 Bc7 16. Qg3 Qf6 17. Bg5 Qg6 18. f4 h6 19. Qh3 O-O
20. Be7 Rfe8 21. Bd6 Bxd6 22. cxd6 Nd7 23. Bd3 Qf6 24. b4 Qd4+ 25. Kh1 c5 26.
Bc2 c4 27. Ba4 Red8 28. f5 e5 29. Rbd1 Qb2 30. Bxd7 Rxd7 31. Rxd5 f6 32. Qf3
Rad8 33. Rfd1 Qxb4 34. Qe4 Kf8 35. h3 Rxd6 36. Rxd6 Rxd6 37. Rxd6 Qxd6 38. Qxc4
Ke7 {Martynyuk,E (2046)-Shkurkin,N (2204) St Petersburg 2014 1-0}) 9... h6 10.
Bxe7 Bxe7 11. c4 dxc4 12. Nc3 cxd4 13. Qxd4 Qc7 14. Ra4 (14. Qxc4 Qxc4 15. Bxc4
Rc8) 14... Rd8 15. Qxc4 Qb8 16. Qf4 O-O 17. Nd5 Bc5 18. Ne3 Bg6 19. Rc4 b5 20.
axb6 Qxb6 1/2-1/2